 Dungeon Crawl Stone Soup version 0.29-a0-330-g52719c12eb (webtiles) character file.

Game seed: 12654518608639072338

44 kae the Firebug (level 3, -1/22 HPs)
             Began as an Octopode Fire Elementalist on Apr 16, 2022.
             Slain by a ball python (3 damage)
             ... on level 3 of the Dungeon.
             The game lasted 00:01:09 (1310 turns).

kae the Firebug (Octopode Fire Elementalist)        Turns: 1310, Time: 00:01:09

Health: -1/22      AC:  1    Str:  7    XL:     3   Next: 62%
Magic:  6/6        EV: 10    Int: 19    God:
Gold:   64         SH:  0    Dex: 12    Spells: 5/6 levels left

rFire   . . .      SeeInvis .   e - +0 mace
rCold   . . .      Faith    .   (no shield)
rNeg    . . .      Spirit   .   (helmet restricted)
rPois   .          Reflect  .   i - amulet of magic regeneration
rElec   .          Harm     .   (no ring)
rCorr   .          Rampage  .   (no ring)
Will    .....                   (no ring)
Stlth   +++.......              (no ring)
HPRegen 0.07/turn               (no ring)
MPRegen 0.50/turn               (no ring)
                                (no ring)
                                (no ring)

@: lethally poisoned (-1 -> -5), constricted
A: almost no armour, amphibious, 8 rings, camouflage 1, gelatinous body 1,
(nimble swimmer 1), tentacles
a: no special abilities


You were on level 3 of the Dungeon.
You visited 1 branch of the dungeon, and saw 3 of its levels.

You collected 64 gold pieces.

Inventory:

Hand Weapons
 e - a +0 mace (weapon)
Jewellery
 h - an amulet of regeneration
 i - an amulet of magic regeneration (around mantle)
Scrolls
 b - 2 scrolls of blinking
 c - a scroll of teleportation
 g - 2 scrolls of identify {unknown}
 j - a scroll of fear {unknown}
 k - a scroll of fog {unknown}
Potions
 a - a potion of magic
 f - a potion of cancellation


   Skills:
 + Level 0.9 Fighting
 + Level 2.3 Dodging
 + Level 3.2 Stealth
 + Level 2.2 Spellcasting
 + Level 1.5 Conjurations
 * Level 3.5 Fire Magic


You had 5 spell levels left.
You knew the following spells:

 Your Spells              Type           Power      Damage    Failure   Level
a - Foxfire               Conj/Fire      44%        2x1d6     6%          1

Your spell library contained the following spells:

 Spells                   Type           Power      Damage    Failure   Level
 Scorch                   Fire           30%        2d6       6%          2
 Conjure Flame            Conj/Fire      11%        6-21      19%         3
 Inner Flame              Hex/Fire       8%         N/A       24%         3
 Flame Wave               Conj/Fire      11%        2d5       52%         4


Dungeon Overview and Level Annotations

Branches:
Dungeon (3/15)

Altars:
Xom

Shops:
D:2 ?


Innate Abilities, Weirdness & Mutations

You cannot wear most types of armour.
You are amphibious.
You can wear up to eight rings at the same time.
Your skin changes colour to match your surroundings (Stealth+).
Your rubbery body absorbs attacks. (AC +1, EV +1)
((You are camouflaged when in or above water. (Stealth+)))
You have tentacles for arms and can constrict up to eight enemies at once.


Message History

Confirm with . or Enter, or press ? or * to list all spells.
You conjure some foxfire!
The adder bites you but does no damage.
The foxfire hits the adder.
The adder is moderately wounded.
Casting: Foxfire (safe; 6% risk of failure)
Confirm with . or Enter, or press ? or * to list all spells.
There is not enough space to conjure foxfire!
Casting: Foxfire (safe; 6% risk of failure)
Confirm with . or Enter, or press ? or * to list all spells.
There is not enough space to conjure foxfire!
Unknown command.
You hit the adder. Your grab misses the adder. Your squeeze misses the adder.
The adder is heavily wounded.
The adder bites you. The ball python bites you.
The ball python closely misses you. The adder barely misses you.
You hit the adder. You grab the adder.
The adder is heavily wounded.
You constrict the adder. The ball python bites you.
The ball python closely misses you. The adder barely misses you.
The ball python misses you. The ball python grabs you.
The ball python constricts you. The adder bites you.
Casting: Foxfire (safe; 6% risk of failure)
Confirm with . or Enter, or press ? or * to list all spells.
You don't know that spell.
Casting: Foxfire (safe; 6% risk of failure)
Confirm with . or Enter, or press ? or * to list all spells.
You don't know that spell.
You hit the adder but do no damage.
The adder is severely wounded.
You constrict the adder. The ball python misses you.
The ball python constricts you. The adder bites you. The ball python bites you.
The ball python constricts you. The adder bites you.
* * * LOW HITPOINT WARNING * * *
You are lethally poisoned!
The adder poisons you!
You hit the adder.
You kill the adder!
* * * LOW HITPOINT WARNING * * *
You feel sick. The ball python bites you.
You die...

##########
#@S......#
#.##...###
#.# ....#
#.# S##.
#.# # #.#
#.# #.#
#..


You could see a ball python.

Vanquished Creatures
  4 adders
  An orc (D:2)
  An endoplasm (D:1)
  A giant cockroach (D:2)
  2 goblins (D:1)
  A hobgoblin (D:1)
  2 jackals (D:1)
  A quokka (D:2)
  A ball python (D:1)
  A kobold (D:1)
  3 rats
18 creatures vanquished.

Vanquished Creatures (others)
  78 foxfires
78 creatures vanquished.

Grand Total: 96 creatures vanquished

Notes
Turn   | Place    | Note
-------+----------+-------------------------------------------
     0 | D:1      | kae the Octopode Fire Elementalist began the quest for the
                  | Orb.
     0 | D:1      | Reached XP level 1. HP: 11/11 MP: 3/3
   444 | D:1      | Reached XP level 2. HP: 17/17 MP: 0/5
   862 | D:2      | Found Ankuoschi's Magic Scroll Boutique.
   885 | D:2      | Reached XP level 3. HP: 10/22 MP: 6/6
  1264 | D:2      | Found a shimmering altar of Xom.
  1310 | D:3      | Slain by a ball python

Illustrated notes

Levels and vault maps discovered:
D:1:      minmay_arrival_shattered_statue, layout_basic
D:2:      layout_rooms, basic_altar, serial_shops, nicolae_shop_stone
D:3:      layout_loops_ring, grunt_gozag_breadcrumbs, jmf_multi_god_temple2,
          serial_shops, nicolae_diamond_shop, shop,
          corexii_item_surrounded_by_moat, minmay_misc_feat_columns

Skill      XL: |  1  2 |
---------------+-------+-----
Stealth        | 3 |  3.2
Fighting       | |  0.9
Dodging        | |  2.3
Spellcasting   | |  2.2
Conjurations   | |  1.5
Fire Magic     | |  3.5

Action                   || total
-------------------------++-------
Melee: Mace              ||     6
       Constrict         ||     1
 Cast: Foxfire           ||    45
  Use: Scroll            ||     3
       Potion            ||     2
Armor: Skin              ||     3
Dodge: Dodged            ||    12

Table legend: (Time is in decaauts)
 A = Elapsed time spent in this place.
 B = Non-inter-level travel time spent in this place.
 C = Inter-level travel time spent in this place.
 D = Time resting spent in this place.
 E = Time spent auto-exploring this place.
 F = Levels seen in this place.
 G = Mean time per level.
                   A        B        C        D        E       F      G
               +--------+--------+--------+--------+--------+-----+--------+
         Total |   1311 |   1277 |     34 |      0 |   1097 |   3 |  437.0 |
       Dungeon |   1311 |   1277 |     34 |      0 |   1097 |   3 |  437.0 |
               +--------+--------+--------+--------+--------+-----+--------+

Top non-repeatable levels by time:
     D:1: 861 daAuts
     D:2: 434 daAuts
     D:3: 15 daAuts
